Map: El Dorado

Players

Predator - Winner!

  • Race: Terran Terran
  • League: Master
  • Spawn Location: 7:00

Souv

  • Race: Protoss Protoss
  • League: Master
  • Spawn Location: 5:00

VOD

Have the link to the VOD?

Description

Time

  • Played on: Feb. 25, 2025, 5:08 p.m.
  • Length: 4:45
Show
View Real Time Build Order
Export as new Build Order

Predator Terran - Winner!

Build Orders:  

Get SALT Encoding   

  12  0:01  SCV  
  13  0:15  Supply Depot  
  13  0:18  SCV  
  14  0:30  SCV  
  15  0:42  Barracks  
  15  0:47  SCV  
  16  1:00  SCV  
  16  1:01  Barracks  
  17  1:11  Supply Depot  
  17  1:13  SCV  
  17  1:15  Refinery  
  18  1:25  SCV  
  19  1:30  Barracks  
  19  1:40  SCV  
  20  1:52  SCV  
  21  2:01  Marine  
  22  2:05  SCV  
  22  2:14  Barracks  
  22  2:18  Marine  
  23  2:22  Barracks Reactor  
  23  2:25  Barracks x2  
  23  2:35  SCV  
  23  2:36  Marine  
  25  2:55  Marine  
  26  2:58  Marine  
  26  2:59  Marine  
  26  3:04  Supply Depot  
  28  3:13  Marine  
  28  3:16  Marine x2  
  31  3:25  Marine x2  
  31  4:09  Marine  
  31  4:19  Marine  
Show
View Real Time Build Order
Export as new Build Order

Souv Protoss 

Build Orders:  

Get SALT Encoding   

  12  0:00  Probe  
  13  0:12  Probe  
  14  0:18  Pylon  
  14  0:24  Probe  
  15  0:36  Probe  
  15  0:40  Gateway  
  16  0:48  Probe  
  17  0:51  Assimilator  
  17  1:04  Probe  
  17  1:08  Assimilator  
  18  1:12  Probe  
  18  1:14  Gateway  
  19  1:22  Probe  
  20  1:31  Cybernetics Core  
  20  1:32  Probe  
  21  1:43  Probe  
  22  1:55  Pylon, Probe  
  22  2:01  Stalker  
  23  2:10  Stalker  
  27  2:16  Probe  
  27  2:18  Warp Gate  
  28  2:28  Probe  
  29  2:31  Stalker  
  31  2:42  Pylon  
  31  3:00  Probe  
  32  3:07  Nexus  
  32  3:18  Probe  
  33  3:22  Shield Battery  
  33  3:31  Probe  
  34  3:41  Robotics Facility  
  34  3:42  Stalker  
  34  3:43  Stalker  
  28  4:27  Stalker  
  28  4:28  Stalker  
Tags
 
Matchup
PvT
Spawn Locations
Close Positions
Add a new tag
Caveats
  • Supply blocks, unpowered buildings, or Contaminate may cause inaccurate times.
  • Supply counts are checked every 10 seconds.